 Dungeon Crawl Stone Soup version 0.28-a0-476-g0f06bd746f (console) character file.

Game seed: 18350449366304428088

5819 nht the Slicer (level 10, -4/109 HPs)
             Began as a Vampire Berserker on Sept 17, 2021.
             Was an Elder of Trog.
             Slain by a fire bat (6 damage)
             ... in a Gauntlet.
             The game lasted 00:16:51 (7108 turns).

nht the Slicer (Vampire Berserker)                  Turns: 7108, Time: 00:16:52

Health: -4/109     AC:  4    Str: 20    XL:     10   Next: 51%
Magic:  19/19      EV: 14    Int:  5    God:    Trog [****..]
Gold:   114        SH: 13    Dex: 24    Spells: 9/9 levels left

rFire   . . .      SeeInvis +   a - +0 short sword
rCold   . . .      Faith    +   u - +2 kite shield
rNeg    + . .      Spirit   .   m - +0 robe {Will+}
rPois   +          Reflect  .   (no helmet)
rElec   .          Harm     .   (no cloak)
rCorr   .          Rampage  .   (no gloves)
Will    ++...      NoTele   +   z - +1 pair of boots
Stlth   ..........              C - amulet of faith
HPRegen 0.48/turn               g - ring of positive energy
MPRegen 0.16/turn               t - ring "Ataobbef" {rPois MP+9 Str+4 Int-4 Dex+6}

@: berserking (expiring), healing quickly, very quick
A: alive, fangs 3, see invisible, vampiric 2
a: Exsanguinate, Renounce Religion, Berserk, Trog's Hand, Brothers in Arms


You were in a Gauntlet.
You worshipped Trog.
Trog was greatly pleased with you.
You visited 1 branch of the dungeon, and saw 9 of its levels.
You also visited: Gauntlet.

You collected 478 gold pieces.
You spent 364 gold pieces at shops.

Inventory:

Hand Weapons
 a - a +0 short sword (weapon)
Missiles
 e - 41 poisoned darts (quivered)
 r - 8 atropa-tipped darts
 y - 4 boomerangs
Armour
 b - a +0 animal skin
 m - a +0 robe of willpower (worn)
 u - a +2 kite shield (worn)
 z - a +1 pair of boots (worn)
Jewellery
 g - a ring of positive energy (left hand)
 t - the ring "Ataobbef" (right hand) {rPois MP+9 Str+4 Int-4 Dex+6}
   (You found it on level 4 of the Dungeon)

   [ring of poison resistance]

   Str:       It affects your strength (+4).
   Int:       It affects your intelligence (-4).
   Dex:       It affects your dexterity (+6).
   rPois:     It protects you from poison.
   MP:        It affects your magic capacity (+9).
 B - a +6 ring of intelligence
 C - an amulet of faith (around neck)
Wands
 l - a wand of iceblast (5)
Scrolls
 i - a scroll of immolation
 j - 2 scrolls of teleportation
 k - a scroll of summoning {unknown}
 o - a scroll of vulnerability
 p - 2 scrolls of magic mapping
 q - a scroll of fog {unknown}
Potions
 c - 5 potions of curing
 d - 3 potions of flight
 f - 2 potions of berserk rage
 h - 4 potions of lignification
 n - 4 potions of brilliance
 s - 2 potions of attraction
 v - 3 potions of heal wounds
 w - a potion of cancellation {unknown}
 x - a potion of ambrosia {unknown}
 A - a potion of might


   Skills:
 + Level 4.8 Fighting
 - Level 12.0 Short Blades
 - Level 1.5 Armour
 + Level 5.3 Dodging
 - Level 6.1 Stealth
 + Level 3.0 Shields
 + Level 7.3 Evocations


You had 9 spell levels left.
You didn't know any spells.
Your spell library was empty.

Dungeon Overview and Level Annotations

Branches:
Dungeon (11/15)            Temple (0/1) D:4         Gauntlet (1/1)
   Lair: D:8-11         Orc: D:9-12

Altars:
Cheibriados
Dithmenos
Fedhas
Gozag
Okawaru
Ru
Sif Muna
Vehumet
Wu Jian
Zin

Shops:
D:5 *   D:6 !!*

Annotations:
D:7 3 runed translucent doors, rc, sanka's ghost, novice PaAK
D:8 exclusion: oklob sapling
D:11 Grum Gauntlet 11 transporters, 1 runed translucent door


Innate Abilities, Weirdness & Mutations

Your natural rate of healing is accelerated.
You have razor-sharp teeth.
You have supernaturally acute eyesight. (SInv)
You are afflicted with vampirism and can become a bat while bloodless.


Message History

The fire bat completely misses you. The fire bat bites you.
You are engulfed in flames.
The fire bat barely misses you.
You hit the fire crab but do no damage. You bite the fire crab!
The fire crab is moderately wounded.
The fire bat bites you.
You are engulfed in flames.
The fire bat closely misses you.
You barely miss the fire crab.
The fire crab is moderately wounded.
The fire bat barely misses you. x2; The fire crab closely misses you.
The fire crab claws you!
You are engulfed in flames!
You puncture the fire crab!
The fire crab is heavily wounded.
The fire bat bites you but does no damage. x2
You puncture the fire crab!
The fire crab is heavily wounded.
The fire bat barely misses you. The fire bat closely misses you.
The fire bat bites you but does no damage.
You block the fire bat's attack. The fire crab breathes flames at you.
The blast of flame engulfs you.
You puncture the fire crab!
The fire crab is severely wounded.
You are engulfed in blazing flames.
You puncture the fire crab!
You kill the fire crab!
Trog accepts your kill.
You are engulfed in blazing flames.
* * * LOW HITPOINT WARNING * * *
You block the fire bat's attack. x3
Your Dodging skill increases to level 5!
Your Shields skill increases to level 3!
You closely miss the fire bat.
You are engulfed in blazing flames.
* * * LOW HITPOINT WARNING * * *
The fire bat bites you.
* * * LOW HITPOINT WARNING * * *
You are engulfed in flames!
* * * LOW HITPOINT WARNING * * *
The fire bat bites you.
* * * LOW HITPOINT WARNING * * *
You are engulfed in flames.
You die...

██.█.█...█.█.██
██≈.█...©...█.≈██
█≈≈.█████████.≈≈█
██≈.█8..©█....≈██
██.█©...█.8..██
██≈.█8..©█....≈██
█≈≈.█████████.≈≈█
██≈.█..tb...█.≈██
██.█.°○.█.°█.██
██≈.█.°.███b█.≈██
█≈≈.█..█°█@°█.≈≈█
██≈.█.███°bb█.≈██ ██
██.█..█°°.°█.██
██≈███..█b..©.?.█.≈██
█≈≈≈█...█████████.≈≈█
█...█...█8..©█....≈██
█...█.8.█©...█.8..██
█.8.█.⌠.█8..©█....≈██
█.©.█.8.█████████.≈≈█
█.8.█...█©..█...█.≈██
█.©.█...███.█.█.█.██


You could see 3 fire bats.

Vanquished Creatures
  2 two-headed ogres (D:11)
  A fire crab (Gauntlet)
  The ghost of TheOvate the Quickloader, a novice KoHu of Okawaru (D:6)
  A centaur zombie (D:11)
  A guardian serpent (shapeshifter) (Gauntlet)
  Grinder (D:4)
  A vampire (D:11)
  A wyvern (D:8)
  A wraith (D:7)
  A water moccasin (D:7)
  A black bear (D:6)
  An ice beast (D:7)
  3 ogres
  7 scorpions
  A water moccasin zombie (D:6)
  6 killer bees (D:7)
  A water moccasin skeleton (D:4)
  An electric eel (D:6)
  A bullfrog zombie (D:5)
  2 howler monkeys (D:7)
  A jelly (D:4)
  6 hounds
  A bullfrog skeleton (D:5)
  2 centaur skeletons
  A gnoll shaman (D:7)
  Jessica (D:3)
  5 iguanas
  A scorpion zombie (D:5)
  Terence (D:3)
  A hound skeleton (D:4)
  4 gnolls (D:7)
  12 adders
  A shadow imp (D:6)
  3 white imps
  An adder zombie (D:3)
  5 worms
  4 dart slugs
  6 orcs
  5 bats
  4 endoplasms
  5 giant cockroaches
  2 goblins (D:1)
  7 hobgoblins
  3 jackals (D:1)
  9 kobolds
  3 quokkas
  10 ball pythons
  2 frilled lizards
  5 rats
146 creatures vanquished.

Vanquished Creatures (others)
  2 plants (D:8)
2 creatures vanquished.

Grand Total: 148 creatures vanquished

Notes
Turn   | Place    | Note
-------+----------+-------------------------------------------
     0 | D:1      | nht the Vampire Berserker began the quest for the Orb.
     0 | D:1      | Reached XP level 1. HP: 17/17 MP: 1/1
   175 | D:1      | Reached skill level 4 in Short Blades
   175 | D:1      | Reached XP level 2. HP: 12/23 MP: 2/2
   960 | D:2      | Gained mutation: You are afflicted with vampirism and can
                  | become a bat while bloodless. [Vampire growth]
   960 | D:2      | Reached XP level 3. HP: 18/28 MP: 3/3
  1127 | D:2      | Reached skill level 5 in Short Blades
  1342 | D:2      | Found a snail-covered altar of Cheibriados.
  1649 | D:3      | Reached ** piety under Trog
  1677 | D:3      | Noticed Jessica
  1678 | D:3      | Found a faded altar of an unknown god.
  1686 | D:3      | Killed Jessica
  1687 | D:3      | Reached XP level 4. HP: 34/34 MP: 4/4
  1821 | D:3      | Reached skill level 6 in Short Blades
  1900 | D:3      | Found a sacrificial altar of Ru.
  1902 | D:3      | Noticed Terence
  1909 | D:3      | Killed Terence
  1910 | D:3      | Reached XP level 5. HP: 39/39 MP: 5/5
  1911 | D:3      | Found an iron altar of Okawaru.
  2741 | D:4      | Noticed Grinder
  2756 | D:4      | Killed Grinder
  2757 | D:4      | Reached skill level 8 in Short Blades
  2757 | D:4      | Reached XP level 6. HP: 40/46 MP: 6/6
  3014 | D:4      | Reached XP level 7. HP: 51/51 MP: 7/7
  3054 | D:4      | Found a staircase to the Ecumenical Temple.
  3055 | D:4      | Identified the ring "Ataobbef" {rPois MP+9 Str+4 Int-4
                  | Dex+6}
  3258 | D:4      | Reached skill level 9 in Short Blades
  3297 | D:5      | Entered Level 5 of the Dungeon
  3297 | D:5      | Found Unarr's Assorted Antiques.
  3314 | D:5      | Reached skill level 1 in Evocations
  3378 | D:5      | Bought a scroll labelled AWNOXT TUOQEI for 29 gold pieces
  3378 | D:5      | Bought a scroll labelled NIGURH FOWN for 29 gold pieces
  3378 | D:5      | Bought a coppery potion for 26 gold pieces
  3378 | D:5      | Bought an inky potion for 26 gold pieces
  3378 | D:5      | Bought a murky emerald potion for 26 gold pieces
  3378 | D:5      | Bought a pink potion for 26 gold pieces
  3737 | D:5      | Reached *** piety under Trog
  3817 | D:5      | Found a blossoming altar of Fedhas.
  3817 | D:5      | Found a radiant altar of Vehumet.
  3826 | D:5      | Reached XP level 8. HP: 57/57 MP: 8/8
  3829 | D:5      | Found a snail-covered altar of Cheibriados.
  3831 | D:5      | Found a shimmering blue altar of Sif Muna.
  3856 | D:5      | Found an ornate altar of the Wu Jian Council.
  3862 | D:5      | Found an opulent altar of Gozag.
  4165 | D:6      | Found Iptummuc's Distillery.
  4173 | D:6      | Found a shadowy altar of Dithmenos.
  4258 | D:6      | Reached skill level 10 in Short Blades
  4668 | D:6      | Found a runed translucent door.
  4678 | D:6      | Noticed TheOvate's ghost (novice KoHu)
  4694 | D:6      | Found Irhisebra's Assorted Antiques.
  4697 | D:6      | Found Eluss's Distillery.
  4702 | D:6      | Bought a potion of lignification for 36 gold pieces
  4702 | D:6      | Bought a potion of attraction for 36 gold pieces
  4705 | D:6      | Bought a potion of heal wounds for 65 gold pieces
  4705 | D:6      | Bought a potion of might for 52 gold pieces
  4705 | D:6      | Bought a potion of degeneration for 13 gold pieces
  4809 | D:6      | Reached skill level 5 in Evocations
  5289 | D:6      | Killed TheOvate's ghost
  5290 | D:6      | Reached skill level 11 in Short Blades
  5290 | D:6      | Reached XP level 9. HP: 49/62 MP: 9/9
  5640 | D:7      | Reached skill level 1 in Stealth
  5679 | D:7      | HP: 2/93 [water moccasin (3)]
  5891 | D:7      | Noticed sanka's ghost (novice PaAK)
  5912 | D:7      | Found a runed translucent gate.
  5912 | D:7      | Found a runed translucent gate.
  5912 | D:7      | Found a runed translucent gate.
  6727 | D:8      | You fall into a shaft and drop 3 floors!
  6727 | D:11     | Noticed Grum
  6733 | D:11     | Found a gate leading to a gauntlet.
  6734 | D:11     | Noticed a two-headed ogre
  6744 | D:11     | Killed a two-headed ogre
  6745 | D:11     | Reached skill level 1 in Shields
  6753 | D:11     | Reached **** piety under Trog
  6754 | D:11     | Reached skill level 5 in Stealth
  6754 | D:11     | Reached XP level 10. HP: 58/71 MP: 10/10
  6782 | D:11     | Noticed a two-headed ogre
  6790 | D:11     | Killed a two-headed ogre
  6791 | D:11     | Reached skill level 12 in Short Blades
  6860 | Gauntlet | Entered a Gauntlet
  6860 | Gauntlet | Found a transporter.
  6870 | Gauntlet | Found a transporter.
  6873 | Gauntlet | Found a transporter.
  6874 | Gauntlet | Found a transporter.
  6877 | Gauntlet | Noticed a fire crab
  6885 | Gauntlet | Found a transporter.
  6885 | Gauntlet | Found a transporter.
  6886 | Gauntlet | Found a transporter.
  6893 | Gauntlet | Found a runed translucent door.
  6894 | Gauntlet | Noticed a hell beast
  6896 | Gauntlet | Found a transporter.
  6897 | Gauntlet | Found a transporter.
  6898 | Gauntlet | Found a transporter.
  6906 | Gauntlet | Found a transporter.
  6909 | Gauntlet | Found a transporter.
  6910 | Gauntlet | Found a transporter.
  6911 | Gauntlet | Noticed a hell hog
  6913 | Gauntlet | Noticed a harpy
  6915 | Gauntlet | Noticed a guardian serpent
  6915 | Gauntlet | Noticed an orb spider
  6915 | Gauntlet | a harpy changed into an orb spider
  6919 | Gauntlet | Noticed a black mamba
  6919 | Gauntlet | an orb spider changed into a black mamba
  6920 | Gauntlet | a black mamba changed into a wind drake
  6921 | Gauntlet | Found a transporter.
  6926 | Gauntlet | Noticed a cyclops
  6926 | Gauntlet | a tarantella changed into a cyclops
  6932 | Gauntlet | a cyclops changed into a snapping turtle
  6935 | Gauntlet | Noticed a cyclops
  6935 | Gauntlet | a snapping turtle changed into a cyclops
  6936 | Gauntlet | Noticed a death drake
  6941 | Gauntlet | Noticed a shock serpent
  6941 | Gauntlet | a cyclops changed into a shock serpent
  6947 | Gauntlet | Noticed a two-headed ogre
  6947 | Gauntlet | a shock serpent changed into a two-headed ogre
  6952 | Gauntlet | Noticed a cyclops
  6952 | Gauntlet | a two-headed ogre changed into a cyclops
  6997 | Gauntlet | Noticed a guardian serpent
  6997 | Gauntlet | a komodo dragon changed into a guardian serpent
  7013 | Gauntlet | Killed a guardian serpent
  7092 | Gauntlet | might die here
  7096 | Gauntlet | yep
  7107 | Gauntlet | Killed a fire crab
  7108 | Gauntlet | Reached skill level 5 in Dodging
  7108 | Gauntlet | HP: 3/109 [fire bat (7)]
  7108 | Gauntlet | Slain by a fire bat

Illustrated notes █≈...∩...∩...≈█ ██...........██ ██≈.....©.....≈██ █≈≈.█████████.≈≈█ ██≈.█.......█.≈██ ██.████.████.██ ██≈.█..█.█..█.≈██ █≈≈.█.██©██.█.≈≈█ ██≈.█.█...█.█.≈██ ██.█.█...█.█.██ ██≈.█...@...█.≈██ █≈≈.█████████.≈≈█ ██≈.█8..©█....≈██ ██.█©...█.8..██ ██≈.█8..©█....≈██ █≈≈.█████████.≈≈█ ██≈.█.btbb..█.≈██ ██.█....█..█.██ ██≈.█...███.█.≈██ █≈≈.█..█©█..█.≈≈█ ██≈.█.███...█.≈██ Turn 7092 on Gauntlet: might die here

██.█.█...█.█.██
██≈.█...©...█.≈██
█≈≈.█████████.≈≈█
██≈.█8..©█....≈██
██.█©...█.8..██
██≈.█8..©█....≈██
█≈≈.█████████.≈≈█
██≈.█..tb..b█.≈██
██.█.○○.█..█.██
██≈.█.○b███.█.≈██
█≈≈.█..█@█..█.≈≈█
██≈.█.███○..█.≈██ ██
██.█..█...b█.██
██≈███..█b..©.?.█.≈██
█≈≈≈█...█████████.≈≈█
█...█...█8..©█....≈██
█...█.8.█©...█.8..██
█.8.█.⌠.█8..©█....≈██
█.©.█.8.█████████.≈≈█
█.8.█...█©..█...█.≈██
█.©.█...███.█.█.█.██


Turn 7096 on Gauntlet: yep

Levels and vault maps discovered:
D:1:      minmay_arrival_nine_rooms, layout_loops_cross,
          kennysheep_pointless_box
D:2:      layout_rooms, basic_altar, minmay_misc_feat_roman,
          kennysheep_generic_room_15
D:3:      minmay_recursive_quarters, layout_loops_ring, minitemple,
          hellmonk_ecumenical_altar_lost_god, uniq_terence, uniq_jessica
D:4:      layout_basic, minmay_temple_entry_glass, hangedman_decor_slide_cut,
          moated_statue, uniq_grinder
D:5:      layout_rooms, grunt_temple_overflow_octagram, serial_shops, shop
D:6:      layout_loops_corners, nicolae_overflow_crystal_walls,
          ebering_ghost_reflecting_pool, nicolae_wooded_promenade,
          hangedman_abyss_or_decor_lesser_grid
D:7:      layout_basic, gammafunk_ghost_icy, serial_park_tiny_2
D:8:      layout_basic, nicolae_qazlal_general_emergency, dpeg_oklobed_lair,
          introduction_to_nature_1
D:11:     layout_cave_pods, gauntlet_entry_generic, nicolae_ru_awakened_eye,
          uniq_grum
Gauntlet: gammafunk_gauntlet_77_escape_option [minmay_gauntlet_arena_77_mirror,
          minmay_gauntlet_arena_77_double_cross, minmay_gauntlet_arena_77_path,
          minmay_gauntlet_arena_77_broken_ladder,
          minmay_gauntlet_arena_77_chump_sandwich, gauntlet_exit_spiral]

Skill      XL: |  1  2  3  4  5  6  7  8  9 10 |
---------------+-------------------------------+-----
Short Blades   | 4 5 6 8 9 11 12 | 12.0
Evocations     | 3 5 6 7 |  7.3
Stealth        | 5 6 |  6.1
Fighting       | 4 |  4.8
Dodging        | 4 5 |  5.3
Shields        | 1 3 |  3.0
Armour         | |  1.5

Action                   |  1- 3 |  4- 6 |  7- 9 | 10-12 || total
-------------------------+-------+-------+-------+-------++-------
Melee: Short sword       |   122 |   147 |   322 |    32 ||   623
       Bite              |    11 |    21 |    52 |     5 ||    89
Throw: Dart              |       |       |    14 |       ||    14
Invok: Berserk           |     4 |     6 |    16 |     3 ||    29
       Trog's Hand       |       |       |       |     1 ||     1
Evoke: Wand              |       |       |     7 |     2 ||     9
  Use: Scroll            |       |       |     8 |     2 ||    10
       Potion            |       |       |     2 |       ||     2
 Stab: Sleeping          |       |     4 |     2 |       ||     6
       Paralysed         |       |       |     5 |       ||     5
Armor: Animal skin       |    20 |       |       |       ||    20
       Robe              |       |    16 |    25 |     9 ||    50
       Skin              |       |       |    11 |       ||    11
Dodge: Dodged            |    62 |    50 |   133 |    15 ||   260
Block: Kite shield       |       |       |    31 |    19 ||    50

Table legend: (Time is in decaauts)
 A = Elapsed time spent in this place.
 B = Non-inter-level travel time spent in this place.
 C = Inter-level travel time spent in this place.
 D = Time resting spent in this place.
 E = Time spent auto-exploring this place.
 F = Levels seen in this place.
 G = Mean time per level.
                   A        B        C        D        E       F      G
               +--------+--------+--------+--------+--------+-----+--------+
         Total |   7196 |   6927 |    269 |    307 |   5130 |  10 |  719.6 |
       Dungeon |   6951 |   6682 |    269 |    244 |   5015 |   9 |  772.3 |
      Gauntlet |    244 |    244 |      0 |     63 |    115 |   1 |  244.0 |
               +--------+--------+--------+--------+--------+-----+--------+

Top non-repeatable levels by time:
     D:6: 1349 daAuts
     D:7: 1238 daAuts
     D:1: 947 daAuts
     D:4: 848 daAuts
     D:3: 840 daAuts
     D:5: 787 daAuts
     D:2: 718 daAuts
Gauntlet: 244 daAuts
    D:11: 146 daAuts
     D:8: 74 daAuts
